 Dungeon Crawl Stone Soup version 0.30-a0-912-ge10d75a369 (webtiles) character file.

Game seed: 5551038833863235199

4694 Renatus the Cruncher (level 10, -7/84 HPs)
             Began as a Minotaur Artificer on Mar 19, 2023.
             Was a Priest of Fedhas.
             Killed by divine providence
             ... invoked by an orc priest
             ... summoned by an orc wizard
              (14 damage)
             ... on level 9 of the Dungeon.
             The game lasted 01:30:13 (9719 turns).

Renatus the Cruncher (Minotaur Artificer)           Turns: 9719, Time: 01:30:15

Health: -7/84      AC: 17    Str: 28    XL:     10   Next: 21%
Magic:  18/18      EV: 14    Int:  8    God:    Fedhas [***...]
Gold:   279        SH:  0    Dex: 10    Spells: 9/9 levels left

rFire   . . .      SeeInvis .    B - +2 quarterstaff (spect)
rCold   . . .      Faith    .    (shield currently unavailable)
rNeg    . . .      Spirit   .    S - +4 plate armour of Sexowus {Will+}
rPois   .          Reflect  .    (helmet restricted)
rElec   .          Rampage  .    f - +2 cloak
rCorr   +                        (no gloves)
Will    +....                    (no boots) Stlth
                                 u - amulet "Akluit" {Regen+ rCorr MP+9 Stlth+}
HPRegen 1.14/turn                v - +6 ring of strength
MPRegen 0.16/turn                p - +5 ring of evasion

@: lethally poisoned (-7 -> -8), corroded, slowed, very slow
A: horns 2, retaliatory headbutt
a: Renounce Religion, Wall of Briars, Grow Ballistomycete


You were on level 9 of the Dungeon.
You worshipped Fedhas.
Fedhas was most pleased with you.
You visited 2 branches of the dungeon, and saw 10 of its levels.

You collected 428 gold pieces.
You spent 149 gold pieces at shops.

Inventory:

Hand Weapons
 a - a +0 heavy club
 g - a +0 club
 j - a +0 sling
 o - a +0 mace
 q - a +0 scythe
 t - a +2 short sword of venom
 x - a +0 whip of draining
 B - a +2 spectral quarterstaff (weapon)
 D - a +0 hammer
 G - a +0 dagger of freezing
 M - a +0 sling
 O - a +2 whip of freezing
 Q - a +2 falchion of electrocution
 X - a +5 hand axe
Missiles
 n - 3 curare-tipped darts
 s - 17 poisoned darts
 N - 4 atropa-tipped darts
Armour
 b - a +0 leather armour
 f - a +2 cloak (worn)
 h - a +0 barding
 m - a +0 leather armour
 r - a +0 robe
 z - a +3 ring mail
 C - a +2 cloak
 F - the +2 helmet of Dim Light {Dex+3}
   (You found it on level 3 of the Dungeon)

   Dex:       It affects your dexterity (+3).
 S - the +4 plate armour of Sexowus (worn) {Will+}
   (You found it on level 6 of the Dungeon)

   Will:      It increases your willpower.
Magical Staves
 l - a staff of earth
Jewellery
 k - a ring of ice
 p - a +5 ring of evasion (right hand)
 u - the amulet "Akluit" (around neck) {Regen+ rCorr MP+9 Stlth+}
   (You acquired it on level 3 of the Dungeon)

   [amulet of regeneration]

   MP:        It affects your magic capacity (+9).
   Regen:     It increases your rate of health regeneration.
   rCorr:     It protects you from acid and corrosion.
   Stlth:     It makes you more stealthy.
 v - a +6 ring of strength (left hand)
 y - a +6 ring of intelligence
 W - a ring of flight
 Y - a ring of positive energy
Wands
 c - a wand of flame (15) (quivered)
 d - a wand of charming (15)
 e - a wand of iceblast (13)
Scrolls
 w - 2 scrolls of teleportation
 E - a scroll of fog
 L - a scroll of fear
 R - a scroll of torment
 U - a scroll of summoning
Potions
 i - a potion of berserk rage
 A - a potion of mutation
 H - 4 potions of curing
 I - a potion of degeneration
 J - a potion of flight
 K - a potion of attraction
 P - a potion of brilliance
 T - a potion of resistance
 V - 2 potions of might {unknown}
 Z - a potion of heal wounds {unknown}


   Skills:
 + Level 6.8 Fighting
 + Level 1.4 Short Blades
 + Level 3.6(7.8) Maces & Flails
 + Level 10.7(11.0) Staves
 + Level 8.7 Armour
 + Level 5.8 Dodging
 + Level 3.5 Stealth
 + Level 3.3 Evocations


You had 9 spell levels left.
You didn't know any spells.
Your spell library contained the following spells:

 Spells                   Type           Power      Damage    Failure   Level
 Animate Armour           Summ/Erth      0%         N/A       100%        4
 Blade Hands              Tmut           0%         N/A       100%        5
 Iron Shot                Conj/Erth      0%         9d1       100%        6


Dungeon Overview and Level Annotations

Branches:
Dungeon (9/15)             Temple (1/1) D:5
   Lair: D:8-11         Orc: D:9-12

Altars:
Ashenzari
Dithmenos
Elyvilon
Fedhas
Gozag
Hepliaklqana
Kikubaaqudgha
Nemelex Xobeh
Okawaru
Qazlal
Sif Muna
Uskayaw
Vehumet
Wu Jian
Yredelemnul
Zin
The Shining One

Shops:
D:4 ?[(=[   D:7 (?(


Innate Abilities, Weirdness & Mutations

You have a pair of horns on your head.
You reflexively headbutt those who attack you in melee.


Message History

You furiously retaliate!
You headbutt the wraith!
You destroy the wraith!
The wraith dissolves into shadows!
The orc priest closely misses you. The acid dragon bites you.
The acid dragon claws you but does no damage.
You hit the killer bee but do no damage.
The killer bee is severely wounded.
Your +2 spectral quarterstaff hits the killer bee.
You feel sick.
The killer bee misses your +2 spectral quarterstaff.
The killer bee stings you.
* * * LOW HITPOINT WARNING * * *
You hear some strange, mumbled words.
A puff of flame appears from out of thin air!
The puff of flame misses you.
The puff of flame hits the killer bee!
The killer bee dies!
The killer bee misses you. You furiously retaliate!
You headbutt the killer bee. The killer bee stings you.
* * * LOW HITPOINT WARNING * * *
The acid dragon closely misses you. You furiously retaliate!
You headbutt the acid dragon, but do no damage.
The acid dragon misses you.
The orc priest calls down the wrath of Beogh upon you.
Beogh smites you!
* * * LOW HITPOINT WARNING * * *
You swap places.
You feel sick. The killer bee barely misses you. You furiously retaliate!
You headbutt the killer bee, but do no damage.
The killer bee completely misses you.
The killer bee stings you but does no damage.
The killer bee closely misses you. You furiously retaliate!
You headbutt the killer bee!
You kill the killer bee!
Fedhas appreciates your contribution to the ecosystem.
The killer bee stings you but does no damage.
The orc barely misses you.
The orc priest invokes the aid of Beogh against you.
Beogh smites you!
You die...
Fedhas appreciates your contribution to the ecosystem.

##.....<††........
#.......)........ #
##................ ##.
#................
#..###................
#.....................
#.....................
#.....o..##....
#.....@yo......
####..yoDo...##
#...o......#
##...o......
#.?......$.
#..#.......
........### ##.....###


You could see an acid dragon (summoned), 2 killer bees, an orc priest
(summoned), 3 orc wizards and 2 orcs.

Vanquished Creatures
  Pikel (D:4)
  A hornet (D:6)
  Sigmund (D:2)
  The ghost of svtm the Trooper, an amateur MiFi (D:3)
  7 yaks (D:9)
  A water moccasin (D:6)
  An orc warrior (D:8)
  A black bear (D:7)
  2 ice beasts
  An ogre (D:5)
  2 lemures (D:4)
  2 phantoms
  A kobold brigand (D:8)
  2 bullfrogs (D:7)
  2 scorpions
  17 killer bees
  3 howler monkeys (D:9)
  3 hounds
  3 jellies
  Crazy Yiuf (D:3)
  A gnoll bouda (D:4)
  4 orc priests
  Jessica (D:3)
  8 orc wizards
  An iguana (D:5)
  3 gnolls (D:4)
  6 adders
  3 shadow imps
  A white imp (D:5)
  2 worms
  A dart slug (D:2)
  30 orcs
  9 ball pythons
  5 bats
  3 endoplasms
  8 goblins
  5 hobgoblins
  6 jackals
  2 quokkas
  7 frilled lizards
  9 kobolds
  8 rats
176 creatures vanquished.

Vanquished Creatures (others)
  A killer bee (D:9)
  An orc priest (D:5)
2 creatures vanquished.

Grand Total: 178 creatures vanquished

Notes
Turn   | Place    | Note
-------+----------+-------------------------------------------
     0 | D:1      | Renatus the Minotaur Artificer began the quest for the Orb.
     0 | D:1      | Reached XP level 1. HP: 16/16 MP: 0/0
   226 | D:1      | Reached XP level 2. HP: 22/23 MP: 1/1
  1126 | D:2      | Reached skill level 1 in Maces & Flails
  1127 | D:2      | Reached XP level 3. HP: 15/28 MP: 2/2
  1191 | D:2      | Reached skill level 1 in Stealth
  1259 | D:2      | Noticed Sigmund
  1273 | D:2      | Killed Sigmund
  1274 | D:2      | Reached skill level 1 in Staves
  1274 | D:2      | Reached XP level 4. HP: 21/37 MP: 3/3
  1274 | D:2      | Reached XP level 5. HP: 24/42 MP: 4/4
  2392 | D:3      | Found a blossoming altar of Fedhas.
  2397 | D:3      | Became a worshipper of Fedhas Madash
  2409 | D:3      | Found an iron altar of Okawaru.
  2481 | D:3      | Found a runed translucent door.
  2482 | D:3      | Noticed Crazy Yiuf
  2490 | D:3      | Killed Crazy Yiuf
  2576 | D:3      | Identified the +2 helmet of Dim Light {Dex+3}
  2605 | D:3      | Noticed Jessica
  2611 | D:3      | Killed Jessica
  2612 | D:3      | Reached XP level 6. HP: 50/50 MP: 5/5
  2755 | D:3      | Found a large runed translucent door.
  2757 | D:3      | Found a large runed translucent door.
  2759 | D:3      | Noticed svtm's ghost (amateur MiFi)
  2770 | D:3      | Killed svtm's ghost
  2771 | D:3      | Reached skill level 2 in Staves
  2821 | D:3      | Identified a scroll of acquirement
  2821 | D:3      | Acquired the amulet "Akluit" {Regen+ rCorr MP+9 Stlth+}
  3128 | D:4      | Found Wesono's Magic Scroll Shoppe.
  3141 | D:4      | Reached skill level 3 in Staves
  3141 | D:4      | Reached XP level 7. HP: 57/57 MP: 6/6
  3172 | D:4      | Bought a scroll of brand weapon for 123 gold pieces
  3172 | D:4      | Bought a scroll of identify for 26 gold pieces
  3180 | D:4      | Reached skill level 1 in Short Blades
  3218 | D:4      | Reached * piety under Fedhas
  3266 | D:4      | Found Reitiqem's Jewellery Boutique.
  3336 | D:4      | Noticed Pikel
  3352 | D:4      | Killed Pikel
  3353 | D:4      | Reached skill level 5 in Staves
  3353 | D:4      | Reached XP level 8. HP: 63/66 MP: 7/7
  3392 | D:4      | Found Pathruim's Armour Boutique.
  3443 | D:4      | Reached skill level 6 in Staves
  3623 | D:4      | Found Taaxuq's Antique Armour Boutique.
  3801 | D:4      | Found Gumah's Weapon Boutique.
  4114 | D:5      | Entered Level 5 of the Dungeon
  4114 | D:5      | Found a staircase to the Ecumenical Temple.
  4127 | Temple   | Entered the Ecumenical Temple
  4307 | D:5      | Reached skill level 5 in Armour
  4653 | D:5      | Reached skill level 7 in Staves
  4780 | D:5      | Reached ** piety under Fedhas
  6013 | D:6      | Identified the +4 plate armour of Sexowus {Will+}
  6044 | D:6      | Reached skill level 5 in Dodging
  6055 | D:6      | Noticed a hornet
  6060 | D:6      | Killed a hornet
  6061 | D:6      | Reached skill level 5 in Fighting
  6076 | D:6      | Reached XP level 9. HP: 74/74 MP: 8/8
  6254 | D:6      | Found a sand-covered staircase.
  7100 | D:7      | Found Femoint's Weapon Shoppe.
  7165 | D:7      | Reached skill level 8 in Staves
  7239 | D:7      | Found a shadowy altar of Dithmenos.
  7251 | D:7      | Found Mitoaf's Weapon Emporium.
  7586 | D:7      | Found Ycelea Sohar's Magic Scroll Shoppe.
  8034 | D:8      | Reached skill level 9 in Staves
  8037 | D:8      | Reached *** piety under Fedhas
  8506 | D:8      | Reached skill level 10 in Staves
  9659 | D:9      | Reached XP level 10. HP: 62/84 MP: 9/9
  9719 | D:9      | Killed from afar by an orc priest

Illustrated notes

Levels and vault maps discovered:
D:1:      shiori_arrival_maze, layout_loops_ring
D:2:      layout_loops_corners, uniq_sigmund
D:3:      layout_rooms, amethyst_overflow_temple_binary,
          ebering_ghost_disaster_area, st_stairs_1, uniq_jessica,
          uniq_crazy_yiuf_cottage
D:4:      minmay_diamond_boxcup, layout_rooms, serial_shops,
          nicolae_shop_statue_plus, shop_statue, kennysheep_little_box,
          nicolae_lakefront_shop, shop_fountains, uniq_pikel
D:5:      layout_basic, minmay_temple_entry_junction_2
D:6:      layout_basic, chequers_ossuary_entry_cave
D:7:      layout_rooms, mainiacjoe_overflow_chevrons, serial_shops,
          nicolae_square_shop, shop, nicolae_shop_bloodbath_and_beyond
D:8:      layout_loops_cross
D:9:      layout_cave_pools, xom_redecorated, trog_hazing_becter,
          jmf_multi_god_temple2
Temple:   eino_temple_water

Skill      XL: |  1  2  3  4  5  6  7  8  9 |
---------------+----------------------------+-----
Evocations     | 3 |  3.3
Maces & Flails | 1 2 3 |  3.6
Dodging        | 2 3 4 5 |  5.8
Stealth        | 1 2 3 |  3.5
Fighting       | 2 3 4 5 6 |  6.8
Staves         | 1 3 5 7 10 | 10.7
Armour         | 3 4 6 8 |  8.7
Short Blades   | 1 |  1.4

Action                     |  1- 3 |  4- 6 |  7- 9 | 10-12 || total
---------------------------+-------+-------+-------+-------++-------
  Melee: Club              |    56 |       |       |       ||    56
         Headbutt          |    10 |     8 |    39 |     5 ||    62
         Staff             |    23 |     6 |       |       ||    29
         Short sword       |       |    17 |       |       ||    17
         Quarterstaff      |       |    22 |   238 |    26 ||   286
         Punch             |       |     1 |       |       ||     1
    Use: Scroll            |     4 |     7 |    15 |       ||    26
         Potion            |     2 |       |       |       ||     2
   Stab: Sleeping          |     1 |     1 |     2 |       ||     4
         Distracted        |       |       |     1 |     2 ||     3
 Armour: Leather armour    |    47 |     9 |       |       ||    56
         Ring mail         |       |     6 |    35 |       ||    41
         Plate armour      |       |       |    89 |    43 ||   132
  Dodge: Dodged            |    73 |    48 |   208 |    62 ||   391

Table legend: (Time is in decaauts)
 A = Elapsed time spent in this place.
 B = Non-inter-level travel time spent in this place.
 C = Inter-level travel time spent in this place.
 D = Time resting spent in this place.
 E = Time spent auto-exploring this place.
 F = Levels seen in this place.
 G = Mean time per level.
                   A        B        C        D        E       F      G
               +--------+--------+--------+--------+--------+-----+--------+
         Total |   9746 |   9328 |    418 |      0 |      0 |  10 |  974.6 |
       Dungeon |   9627 |   9209 |    418 |      0 |      0 |   9 | 1069.7 |
        Temple |    118 |    118 |      0 |      0 |      0 |   1 |  118.0 |
               +--------+--------+--------+--------+--------+-----+--------+

Top non-repeatable levels by time:
     D:5: 1528 daAuts
     D:4: 1465 daAuts
     D:6: 1374 daAuts
     D:8: 1224 daAuts
     D:1: 1121 daAuts
     D:3: 1057 daAuts
     D:2: 988 daAuts
     D:7: 784 daAuts
  Temple: 118 daAuts
     D:9: 82 daAuts
